 Dungeon Crawl Stone Soup version 0.29.0-4-gdea44cf6ec (webtiles) character file.

Game seed: 1463130419944288416

219 qw the Chopper (level 6, -2/47 HPs)
             Began as a Formicid Cinder Acolyte on Sept 3, 2022.
             Was an Elder of Ignis.
             Slain by a yak (11 damage)
             ... on level 4 of the Dungeon.
             The game lasted 00:01:32 (4284 turns).

qw the Chopper (Formicid Cinder Acolyte)            Turns: 4284, Time: 00:01:33

Health: -2/47      AC: 14    Str: 20    XL:     6   Next: 18%
Magic:  7/7        EV:  9    Int: 14    God:    Ignis [****..]
Gold:   79         SH:  0    Dex:  9    Spells: 7/7 levels left

rFire   + . .      SeeInvis +   Y - -1 hand axe (flame)
rCold   . . .      Faith    .   (no shield)
rNeg    . . .      Spirit   .   k - +0 scale mail
rPois   .          Reflect  .   (helmet unavailable)
rElec   .          Harm     .   (no cloak)
rCorr   .          Rampage  .   (no gloves)
Will    .....                   j - +0 pair of boots
Stlth   ..........              (no amulet)
HPRegen 0.15/turn               (no ring)
MPRegen 0.10/turn               (no ring)

@: fiery-armoured
A: permanent stasis, dig shafts and tunnels, antennae 3, four strong arms
a: Dig, Shaft Self, Renounce Religion, Fiery Armour, Foxfire Swarm, Rising Flame


You were on level 4 of the Dungeon.
You worshipped Ignis.
Ignis was greatly pleased with you.
You visited 1 branch of the dungeon, and saw 4 of its levels.

You collected 79 gold pieces.


Innate Abilities, Weirdness & Mutations

You cannot be hasted, slowed, berserked, paralysed or teleported.
You can dig through walls and to a lower floor.
You have a pair of large antennae on your head. (SInv)
Your four strong arms can wield two-handed weapons with a shield.


   Skills:
 - Level 3.5 Fighting
 - Level 6.0 Axes
 - Level 1.1 Throwing
 + Level 0.0 Armour
 - Level 1.0 Dodging
 - Level 1.1 Spellcasting
 - Level 3.0 Fire Magic


You had 7 spell levels left.
You didn't know any spells.
Your spell library contained the following spells:

 Spells                   Type           Power      Damage    Failure   Level
 Scorch                   Fire           18%        2d6       34%         2

Inventory:

Hand Weapons
 Y - a -1 hand axe of flaming (weapon)
Missiles
 g - 2 boomerangs of dispersal
 h - 2 javelins (quivered)
Armour
 j - a +0 pair of boots (worn)
 k - a +0 scale mail (worn)
Jewellery
 b - a ring of positive energy
Potions
 a - a potion of mutation {unknown}
 c - a potion of cancellation {unknown}
 d - a potion of curing
 e - a potion of heal wounds {unknown}
 m - a potion of degeneration {unknown}

Dungeon Overview and Level Annotations

Branches:
Dungeon (4/15)
 Temple: D:4-7

Altars:
Fedhas
The Shining One


Message History

The yak is heavily wounded.
You hit the yak but do no damage. The yak gores you but does no damage.
The yak is burned by your cloak of flames.
The yak is lightly wounded.
The yak gores you.
The yak is burned by your cloak of flames.
The yak is heavily wounded.
You hit the yak. You burn the yak.
The yak is severely wounded.
You closely miss the yak.
A yak comes into view.
The yak gores you.
The yak is burned by your cloak of flames.
The yak is severely wounded.
You hit the yak. You burn the yak.
The yak is almost dead.
You hit the yak. You burn the yak. The yak barely misses you.
The yak gores you but does no damage.
The yak is burned by your cloak of flames.
The yak is almost dead.
A yak comes into view.
You barely miss the yak.
The yak is almost dead.
The yak bellows!
You hit the yak. You burn the yak. The yak gores you but does no damage.
The yak is burned by your cloak of flames.
The yak is lightly wounded.
The yak gores you.
The yak is burned by your cloak of flames.
The yak is almost dead.
You hit the yak. You burn the yak.
You kill the yak!
You hit the yak but do no damage. You hit the yak. You burn the yak.
The yak gores you but does no damage.
The yak is burned by your cloak of flames.
The yak is moderately wounded.
The yak gores you!
You die...

.........
####......# ##
#.........#...
##.##..........
.......<.......
##.##.#.##.#.##
#.## #.#
#.###[####.##.#
#...Y@%.......#
#.###Y####......#
#Y# ####.#.# #Y#
)# # #Y. { . ###
#


You could see 5 yaks.

Vanquished Creatures
  A yak (D:4)
  A sky beast (D:3)
  A gnoll (D:1)
  5 adders (D:2)
  2 worms
  A dart slug (D:2)
  3 endoplasms
  11 goblins
  11 hobgoblins
  3 jackals (D:3)
  2 quokkas
  11 ball pythons
  5 bats
  4 kobolds
  5 rats
66 creatures vanquished.

Notes
Turn   | Place    | Note
-------+----------+-------------------------------------------
     0 | D:1      | qw the Formicid Cinder Acolyte began the quest for the Orb.
     0 | D:1      | Reached XP level 1. HP: 18/18 MP: 2/2
     0 | D:1      | 0 ||| qw: Version: 0.1-a-102-g441f92d
     0 | D:1      | 0 ||| qw: Game counter: 5295
     0 | D:1      | 0 ||| qw: Always use a shield: true
     0 | D:1      | 0 ||| qw: God list: Okawaru
     0 | D:1      | 0 ||| qw: Allow faded altars: false
     0 | D:1      | 0 ||| qw: Do Orc after D:15 true
     0 | D:1      | 0 ||| qw: Do second Lair branch before Depths: true
     0 | D:1      | 0 ||| qw: Lair rune preference: random
     0 | D:1      | 0 ||| qw: Plans: Normal
     0 | D:1      | 0 ||| PLANNING D:1-11
   278 | D:1      | Reached skill level 1 in Throwing
   300 | D:1      | Reached XP level 2. HP: 24/24 MP: 3/3
   328 | D:1      | 328 ||| INVOKING Fiery Armour.
   514 | D:1      | 514 ||| Stepping ~*~*~tactically~*~*~ (stealth).
   525 | D:1      | 525 ||| INVOKING Fiery Armour.
   733 | D:1      | 733 ||| Stepping ~*~*~tactically~*~*~ (stealth).
   745 | D:1      | Reached XP level 3. HP: 20/29 MP: 4/4
   917 | D:1      | Found a faded altar of an unknown god.
  1147 | D:1      | 1147 ||| UPGRADING to +0 pair of boots.
  1152 | D:1      | 1152 ||| READING scroll labelled RUUPIOSHE VIVU.
  1153 | D:1      | 1153 ||| READING scroll labelled TOMAGH LAROFU.
  1154 | D:1      | 1154 ||| READING scroll labelled WEOLLA GIENEN.
  1170 | D:2      | 1170 ||| STAIRDANCE
  1192 | D:2      | 1192 ||| STAIRDANCE
  1246 | D:2      | 1246 ||| STAIRDANCE
  1278 | D:2      | 1278 ||| STAIRDANCE
  1313 | D:2      | Reached skill level 4 in Axes
  1404 | D:2      | Reached skill level 1 in Dodging
  1582 | D:2      | 1582 ||| Stepping ~*~*~tactically~*~*~ (stealth).
  1596 | D:2      | Reached XP level 4. HP: 25/35 MP: 5/5
  1600 | D:2      | 1600 ||| FLEEEEING.
  1601 | D:2      | 1601 ||| FLEEEEING.
  1602 | D:2      | 1602 ||| FLEEEEING.
  1603 | D:2      | 1603 ||| FLEEEEING.
  1604 | D:2      | 1604 ||| FLEEEEING.
  1605 | D:2      | 1605 ||| FLEEEEING.
  1606 | D:2      | 1606 ||| FLEEEEING.
  1607 | D:2      | 1607 ||| FLEEEEING.
  1608 | D:2      | 1608 ||| FLEEEEING.
  1609 | D:2      | 1609 ||| FLEEEEING.
  1610 | D:2      | 1610 ||| FLEEEEING.
  1612 | D:2      | 1612 ||| FLEEEEING.
  1613 | D:2      | 1613 ||| FLEEEEING.
  1614 | D:2      | 1614 ||| FLEEEEING.
  1615 | D:2      | 1615 ||| FLEEEEING.
  1616 | D:2      | 1616 ||| FLEEEEING.
  1617 | D:2      | 1617 ||| FLEEEEING.
  1618 | D:2      | 1618 ||| FLEEEEING.
  1619 | D:2      | 1619 ||| FLEEEEING.
  1620 | D:2      | 1620 ||| FLEEEEING.
  1621 | D:2      | 1621 ||| FLEEEEING.
  1622 | D:2      | 1622 ||| FLEEEEING.
  1623 | D:2      | 1623 ||| FLEEEEING.
  1624 | D:2      | 1624 ||| FLEEEEING.
  1625 | D:2      | 1625 ||| FLEEEEING.
  1626 | D:2      | 1626 ||| FLEEEEING.
  1627 | D:2      | 1627 ||| FLEEEEING.
  1628 | D:2      | 1628 ||| FLEEEEING.
  1629 | D:2      | 1629 ||| FLEEEEING.
  1631 | D:2      | 1631 ||| STAIRDANCE
  1715 | D:1      | 1715 ||| DRINKING 2 sedimented puce potions.
  1759 | D:2      | Identified the +3 rapier of Pathro {antimagic, *Corrode
                  | rPois rF++ Will+++}
  1765 | D:2      | 1765 ||| Stepping ~*~*~tactically~*~*~ (stealth).
  1770 | D:2      | 1770 ||| INVOKING Fiery Armour.
  1775 | D:2      | HP: 6/35 [hobgoblin/the +3 rapier of Pathro {antimagic,
                  | *Corrode rPois rF++ Will+++} (3)]
  1804 | D:2      | 1804 ||| FLEEEEING.
  2638 | D:2      | 2638 ||| Stepping ~*~*~tactically~*~*~ (stealth).
  2647 | D:2      | Reached XP level 5. HP: 36/41 MP: 6/6
  2804 | D:3      | Noticed a sky beast
  2805 | D:3      | 2805 ||| Stepping ~*~*~tactically~*~*~ (stealth).
  2815 | D:3      | 2815 ||| INVOKING Fiery Armour.
  2817 | D:3      | HP: 9/41 [sky beast (6)]
  2817 | D:3      | Killed a sky beast
  2818 | D:3      | Reached skill level 5 in Axes
  2818 | D:3      | Reached XP level 6. HP: 10/47 MP: 7/7
  3250 | D:3      | 3250 ||| Stepping ~*~*~tactically~*~*~ (stealth).
  3253 | D:3      | 3253 ||| Stepping ~*~*~tactically~*~*~ (stealth).
  3279 | D:3      | Reached skill level 6 in Axes
  3335 | D:3      | 3335 ||| Stepping ~*~*~tactically~*~*~ (stealth).
  3337 | D:3      | 3337 ||| Stepping ~*~*~tactically~*~*~ (stealth).
  3347 | D:3      | 3347 ||| Stepping ~*~*~tactically~*~*~ (stealth).
  3354 | D:3      | 3354 ||| Stepping ~*~*~tactically~*~*~ (stealth).
  3663 | D:3      | 3663 ||| Stepping ~*~*~tactically~*~*~ (stealth).
  3677 | D:3      | Found a blossoming altar of Fedhas.
  3916 | D:3      | 3916 ||| Stepping ~*~*~tactically~*~*~ (stealth).
  3917 | D:3      | 3917 ||| Stepping ~*~*~tactically~*~*~ (stealth).
  3919 | D:3      | 3919 ||| Stepping ~*~*~tactically~*~*~ (stealth).
  3979 | D:3      | Found a glowing golden altar of the Shining One.
  4075 | D:3      | 4075 ||| UPGRADING to +0 ring mail.
  4085 | D:3      | 4085 ||| DROPPING +0 robe.
  4086 | D:3      | 4086 ||| UPGRADING to +0 scale mail.
  4096 | D:3      | 4096 ||| DROPPING +0 ring mail.
  4097 | D:3      | 4097 ||| READING scroll labelled ULLUUXZAMM.
  4098 | D:3      | 4098 ||| READING scroll labelled BAMEASM TIMI.
  4272 | D:4      | Noticed a yak
  4276 | D:4      | Noticed a yak
  4278 | D:4      | 4278 ||| INVOKING Fiery Armour.
  4278 | D:4      | Noticed a yak
  4279 | D:4      | Noticed a yak
  4281 | D:4      | Noticed a yak
  4282 | D:4      | Noticed a yak
  4283 | D:4      | HP: 9/47 [yak (6)]
  4284 | D:4      | Killed a yak
  4284 | D:4      | Slain by a yak

Levels and vault maps discovered:
D:1:      dpeg_arrival_arbitrary_c, layout_loops_cross,
          hellmonk_ecumenical_altar_inner_sanctum
D:2:      layout_basic, serial_glass, glass_columns_a, glass_columns_a
D:3:      layout_loops_corners, nicolae_tso_swordbearing_angel,
          mainiacjoe_overflow_24_doors, minmay_pentomino_pile
D:4:      layout_basic, nicolae_ru_great_annihilating_truth, temple_pool_b

Skill      XL: |  1  2  3  4  5  6 |
---------------+-------------------+-----
Throwing       | 1 |  1.1
Axes           | 4 5 6 |  6.0
Dodging        | 1 |  1.0
Fighting       | |  3.5
Spellcasting   | |  1.1
Fire Magic     | |  3.0

Action                   |  1- 3 |  4- 6 || total
-------------------------+-------+-------++-------
Melee: Hand axe          |    78 |   107 ||   185
       Punch             |     1 |       ||     1
Throw: Javelin           |    19 |    32 ||    51
Invok: Fiery Armour      |     2 |     3 ||     5
  Use: Scroll            |     3 |     2 ||     5
       Potion            |       |     1 ||     1
Armor: Robe              |    18 |    31 ||    49
       Scale mail        |       |     4 ||     4
Dodge: Dodged            |    52 |    58 ||   110

Table legend:
 A = Non-vault XP
 B = Vault XP
 C = Vault XP percentage of total XP
 D = Non-vault monster count
 E = Vault monster count
 F = Vault count percentage of total count
                 A         B        C        D         E       F
            +---------+---------+-------+---------+---------+-------
      Total |     492 |      12 |   2.4 |      61 |       5 |   7.6
            +---------+---------+-------+---------+---------+-------
        D:1 |      38 |       0 |   0.0 |      16 |       0 |   0.0
        D:2 |     107 |       0 |   0.0 |      25 |       0 |   0.0
        D:3 |     157 |      12 |   7.1 |      19 |       5 |  20.8
        D:4 |     190 |       0 |   0.0 |       1 |       0 |   0.0
            +---------+---------+-------+---------+---------+-------
